 Dungeon Crawl Stone Soup version 0.30-a0-358-g0d69a1922f (webtiles) character file.

Game seed: 6588766822375719002

140 koil the Sneak (level 5, -5/37 HPs)
             Began as a Vampire Enchanter on Nov 9, 2022.
             Splashed by a jelly's acid (7 damage)
             ... on level 4 of the Dungeon.
             The game lasted 00:07:50 (2109 turns).

koil the Sneak (Vampire Enchanter)                  Turns: 2109, Time: 00:07:53

Health: -5/37      AC:  1    Str:  7    XL:     5   Next: 2%
Magic:  8/8        EV: 12    Int: 19    God:
Gold:   57         SH:  0    Dex: 15    Spells: 3/8 levels left

rFire   . . .      SeeInvis +    q - +4 whip (venom)
rCold   . . .      Faith    .    (no shield)
rNeg    . . .      Spirit   .    h - +0 leather armour {Will+}
rPois   .          Reflect  .    t - +0 helmet
rElec   .          Harm     .    (no cloak)
rCorr   .          Rampage  .    l - +0 pair of gloves
Will    +....                    (no boots)
Stlth   +++.......               (no amulet)
HPRegen 0.46/turn                (no ring)
MPRegen 0.11/turn                (no ring)

@: corroded, healing quickly
A: alive, fangs 3, see invisible, vampiric 2
a: Exsanguinate


You were on level 4 of the Dungeon.
You visited 1 branch of the dungeon, and saw 4 of its levels.

You collected 57 gold pieces.

Inventory:

Hand Weapons
 a - a +1 dagger
 q - a +4 whip of venom (weapon)
Missiles
 r - 4 poisoned darts (quivered)
Armour
 b - a +0 robe
 h - a +0 leather armour of willpower (worn)
 l - a +0 pair of gloves (worn)
 t - a +0 helmet (worn)
Magical Staves
 m - a staff of air
Scrolls
 d - a scroll of amnesia {unknown}
 e - a scroll of enchant armour {unknown}
 j - a scroll of fog {unknown}
 k - 2 scrolls of teleportation {unknown}
 p - a scroll of blinking {unknown}
 s - a scroll of magic mapping {unknown}
Potions
 c - 2 potions of invisibility
 f - a potion of degeneration {unknown}
 g - a potion of cancellation {unknown}
 i - 3 potions of curing {unknown}
 n - a potion of ambrosia {unknown}
 o - a potion of heal wounds {unknown}


   Skills:
 + Level 1.2 Fighting
 + Level 2.1 Short Blades
 + Level 1.2 Armour
 + Level 3.0 Dodging
 + Level 5.3 Stealth
 + Level 2.4 Spellcasting
 + Level 5.2 Hexes


You had 3 spell levels left.
You knew the following spells:

 Your Spells              Type           Power      Damage    Failure   Level
a - Ensorcelled Hibernat  Hex/Ice        24%        N/A       12%         2
b - Confusing Touch       Hex            22%        N/A       9%          3

Your spell library contained the following spells:

 Spells                   Type           Power      Damage    Failure   Level
 Tukima's Dance           Hex            22%        N/A       9%          3
 Kiss of Death            Conj/Necr      8%         2d6       24%         1
 Dazzling Flash           Conj/Hex       24%        N/A       24%         3
 Dispel Undead            Necr           2%         3d7       93%         4


Dungeon Overview and Level Annotations

Branches:
Dungeon (4/15)
 Temple: D:4-7

Altars:

Shops:
D:3 (


Innate Abilities, Weirdness & Mutations

Your natural rate of healing is accelerated.
You have razor-sharp teeth.
You have supernaturally acute eyesight. (SInv)
You are afflicted with vampirism and can become a bat while bloodless.


Message History

HP restored.
Found a stone staircase leading down.
There is a stone staircase leading up, spattered with blood here.
Found a helmet.
You see here a +0 helmet.
t - a +0 helmet You start putting on your armour.
You continue putting on your +0 helmet. x4
You finish putting on your +0 helmet.
A hobgoblin comes into view.
A jelly comes into view.
The helpless hobgoblin fails to defend itself.
You whack the hobgoblin!
You kill the hobgoblin!
You see here a hobgoblin corpse.
The helpless jelly fails to defend itself.
You hit the jelly. The acid corrodes you!
Your hands burn!
The jelly is lightly wounded.
The jelly hits you.
You are splashed with acid!
You barely miss the jelly. You bite the jelly, but do no damage.
The jelly is lightly wounded.
The jelly hits you. The acid corrodes you!
You are splashed with acid!
You hit the jelly.
Your hands burn!
The jelly is moderately wounded.
The jelly misses you.
You are too injured to fight recklessly!
You are too injured to fight recklessly!
You are too injured to fight recklessly!
You are too injured to fight recklessly!
You hit the jelly but do no damage.
Your hands burn!
The jelly is moderately wounded.
The jelly misses you. The jelly hits you.
You are splashed with acid!
* * * LOW HITPOINT WARNING * * *
You hit the jelly.
Your hands burn!
* * * LOW HITPOINT WARNING * * *
You bite the jelly.
The jelly is almost dead.
The jelly hits you.
* * * LOW HITPOINT WARNING * * *
You are splashed with acid!
You die...

##########.#
#..........#
#.##########
#.# #.# ##.##
##...##
..#.####†....#
.......J@....#
########.....#
##...## #####


You could see a jelly.

Vanquished Creatures
  3 adders
  4 gnolls
  A worm (D:2)
  3 dart slugs (D:1)
  An orc (D:3)
  11 bats
  4 endoplasms (D:1)
  3 giant cockroaches
  5 goblins
  5 hobgoblins
  3 jackals (D:3)
  7 kobolds
  7 ball pythons
  3 frilled lizards
  3 rats
63 creatures vanquished.

Notes
Turn   | Place    | Note
-------+----------+-------------------------------------------
     0 | D:1      | koil the Vampire Enchanter began the quest for the Orb.
     0 | D:1      | Reached XP level 1. HP: 13/13 MP: 3/3
   110 | D:1      | Found a faded altar of an unknown god.
   123 | D:1      | Reached XP level 2. HP: 13/19 MP: 5/5
   157 | D:1      | Learned a level 2 spell: Ensorcelled Hibernation
   454 | D:1      | Gained mutation: You are afflicted with vampirism and can
                  | become a bat while bloodless. [Vampire growth]
   454 | D:1      | Reached XP level 3. HP: 25/25 MP: 6/6
  1009 | D:2      | Reached skill level 1 in Fighting
  1009 | D:2      | Reached skill level 5 in Stealth
  1009 | D:2      | Reached XP level 4. HP: 32/32 MP: 2/7
  1041 | D:1      | Reached skill level 1 in Armour
  1080 | D:2      | Reached skill level 5 in Hexes
  1830 | D:3      | Learned a level 3 spell: Confusing Touch
  1977 | D:3      | Found Ytekotri's Weapon Boutique.
  2057 | D:4      | Reached XP level 5. HP: 33/37 MP: 8/8
  2107 | D:4      | HP: 7/37 [acid (7)]
  2109 | D:4      | HP: 2/37 [acid (5)]
  2109 | D:4      | Splashed by a jelly's acid

Illustrated notes

Levels and vault maps discovered:
D:1:      minmay_arrival_up_and_down, layout_loops_cross,
          hellmonk_ecumenical_altar_run_dry, st_stairs_6
D:2:      layout_rooms
D:3:      layout_rooms, serial_shops, nicolae_shop_bloodbath_and_beyond
D:4:      layout_loops_ring, minmay_misc_feat_enclosed, uniq_duvessa

Skill      XL: |  1  2  3  4 |
---------------+-------------+-----
Fighting       | 1 |  1.2
Stealth        | 5 |  5.3
Armour         | 1 |  1.2
Hexes          | 5 |  5.2
Short Blades   | 2 |  2.1
Dodging        | 3 |  3.0
Spellcasting   | |  2.4

Action                   |  1- 3 |  4- 6 || total
-------------------------+-------+-------++-------
Melee: Dagger            |   135 |    41 ||   176
       Bite              |    12 |     8 ||    20
       Punch             |     1 |       ||     1
       Whip              |       |    24 ||    24
 Cast: Ensorcelled Hiber |     7 |     4 ||    11
 Stab: Sleeping          |    13 |     6 ||    19
Armor: Robe              |     3 |       ||     3
       Leather armour    |    52 |    14 ||    66
Dodge: Dodged            |   123 |    42 ||   165

Table legend: (Time is in decaauts)
 A = Elapsed time spent in this place.
 B = Non-inter-level travel time spent in this place.
 C = Inter-level travel time spent in this place.
 D = Time resting spent in this place.
 E = Time spent auto-exploring this place.
 F = Levels seen in this place.
 G = Mean time per level.
                   A        B        C        D        E       F      G
               +--------+--------+--------+--------+--------+-----+--------+
         Total |   2096 |   2047 |     49 |     18 |   1392 |   4 |  524.0 |
       Dungeon |   2096 |   2047 |     49 |     18 |   1392 |   4 |  524.0 |
               +--------+--------+--------+--------+--------+-----+--------+

Top non-repeatable levels by time:
     D:1: 802 daAuts
     D:2: 748 daAuts
     D:3: 487 daAuts
     D:4: 58 daAuts
